 Dungeon Crawl Stone Soup version 0.28.0-43-g3370ac3207 (webtiles) character file.

Game seed: 9724930446151619193

72 Arcadio the Shooter (level 4, -1/25 HPs)
             Began as a Kobold Hunter on Mar 3, 2022.
             Was a Believer of Hepliaklqana.
             Killed from afar by Natasha (6 damage)
             ... with a magic dart
             ... on level 3 of the Dungeon.
             The game lasted 00:04:11 (2148 turns).

Arcadio the Shooter (Kobold Hunter)                 Turns: 2148, Time: 00:04:13

Health: -1/25      AC:  4    Str:  9    XL:     4   Next: 50%
Magic:  4/4        EV: 15    Int: 12    God:    Hepliaklqana [**....]
Gold:   59         SH:  0    Dex: 17    Spells: 3/3 levels left

rFire   . . .      SeeInvis .   b - +0 short sword
rCold   . . .      Faith    .   (no shield)
rNeg    . . .      Spirit   .   c - +0 leather armour
rPois   .          Reflect  .   (no helmet)
rElec   .          Harm     .   (no cloak)
rCorr   .          Rampage  .   n - +0 pair of gloves
Will    .....                   (no boots)
Stlth   +++.......              (no amulet)
HPRegen 0.08/turn               (no ring)
MPRegen 0.09/turn               (no ring)

@: no status effects
A: reduced essence, small, no large weapons, nightstalker 3
a: Renounce Religion, Recall Ancestor, Ancestor Identity


You were on level 3 of the Dungeon.
You worshipped Hepliaklqana.
Hepliaklqana was pleased with you.
You visited 1 branch of the dungeon, and saw 3 of its levels.

You collected 59 gold pieces.

Inventory:

Hand Weapons
 a - a +1 shortbow
 b - a +0 short sword (weapon)
Missiles
 d - 56 arrows
Armour
 c - a +0 leather armour (worn)
 n - a +0 pair of gloves (worn)
Jewellery
 i - a +4 ring of protection
 r - a ring of poison resistance
Scrolls
 f - a scroll of magic mapping {unknown}
 g - 2 scrolls of teleportation
 j - a scroll of noise {unknown}
 m - a scroll of identify {unknown}
 o - 2 scrolls of fog {unknown}
Potions
 e - a potion of mutation {unknown}
 h - a potion of lignification {unknown}
 k - a potion of ambrosia {unknown}
 l - 2 potions of invisibility {unknown}
 p - a potion of degeneration {unknown}
 q - a potion of attraction {unknown}


   Skills:
 + Level 3.2 Fighting
 + Level 4.6 Bows
 + Level 3.6 Dodging
 - Level 1.3 Stealth


You had 3 spell levels left.
You didn't know any spells.
Your spell library contained the following spells:

 Spells                   Type           Power      Damage    Failure   Level
 Corpse Rot               Necr/Air       0%         N/A       56%         2
 Sublimation of Blood     Necr           0%         N/A       56%         2
 Dazzling Flash           Conj/Hex       0%         N/A       80%         3
 Dispel Undead            Necr           0%         3d6       99%         4
 Iskenderun's Mystic Bla  Conj/Tloc      0%         2d3       99%         4
 Petrify                  Tmut/Erth      0%         N/A       99%         4
 Irradiate                Conj/Tmut      0%         3d13      100%        5
 Death Channel            Necr           0%         N/A       100%        6
 Starburst                Conj/Fire      0%         6d3       100%        6


Dungeon Overview and Level Annotations

Branches:
Dungeon (3/15)

Altars:
Hepliaklqana

Shops:
D:3 [

Annotations:
D:3 Natasha


Innate Abilities, Weirdness & Mutations

Your life essence is reduced to manifest your ancestor. (-10% HP)
You are small and have problems with some larger weapons.
You are completely attuned to the shadows.


Message History

A goblin comes into view. It is wielding a +0 club.
Nozipho barely misses the jackal.
The jackal bites you.
The orc warrior barely misses Nozipho.
You closely miss the jackal. The jackal completely misses you.
Nozipho closely misses the jackal.
The jackal closely misses you.
The orc warrior barely misses Nozipho.
You barely miss the jackal.
Nozipho hits the jackal with a +0 quarterstaff!
The jackal dies!
The orc closely misses you.
The orc warrior hits Nozipho with a +0 dire flail.
Natasha, Servant of Life and Death comes into view.
Nozipho points at the orc warrior and mumbles some strange words.
The puff of frost hits the orc warrior but does no damage.
The orc warrior barely misses Nozipho.
The goblin hits Nozipho with a +0 club.
A kobold comes into view. It is wielding a +0 club.
Nozipho hits the goblin with a +0 quarterstaff!
The goblin dies!
The orc warrior barely misses Nozipho.
You closely miss the orc.
Nozipho misses the orc warrior.
The orc closely misses you.
The orc warrior barely misses Nozipho.
Nozipho closely misses the orc warrior.
You hit the orc.
The orc is heavily wounded.
The orc closely misses you.
The orc warrior hits Nozipho with a +0 dire flail!
Nozipho is destroyed!
You hit Natasha.
Natasha is moderately wounded.
The orc barely misses you.
Natasha stares at you and mumbles some strange words.
The magic dart hits you.
You barely miss Natasha.
Natasha is moderately wounded.
Natasha claws you. The orc hits you with a +0 flail.
The kobold hits you with a +0 club.
* * * LOW HITPOINT WARNING * * *
Natasha casts a spell at you. The magic dart hits you.
You die...

o. # .### .....#
#.#†### . #.....# ..
#...).###.#
#...†oK@..#
#.....ho.## ###
#.###.#### #.#
####.###.#######.#
......).........>#
#.#.#.........#.#
#.#.#.#.#####.#.#
#.#.#.#.....#.#.#
####.#.#.#.#..##.#.#


You could see an orc warrior, Natasha, an orc and a kobold.

Vanquished Creatures
  2 adders (D:2)
  2 endoplasms (D:1)
  A giant cockroach (D:2)
  A goblin (D:3)
  A hobgoblin (D:2)
  5 ball pythons
12 creatures vanquished.

Vanquished Creatures (collateral kills)
  2 adders
  A worm (D:2)
  4 bats (D:2)
  An endoplasm (D:2)
  4 goblins
  A hobgoblin (D:2)
  4 jackals (D:3)
  2 kobolds (D:2)
  A rat (D:1)
20 creatures vanquished.

Vanquished Creatures (others)
  A battlemage (D:3)
1 creature vanquished.

Grand Total: 33 creatures vanquished

Notes
Turn   | Place    | Note
-------+----------+-------------------------------------------
     0 | D:1      | Arcadio the Kobold Hunter began the quest for the Orb.
     0 | D:1      | Reached XP level 1. HP: 12/12 MP: 1/1
   289 | D:1      | Found a faded altar of an unknown god.
   294 | D:1      | Prayed at the altar of an unknown god.
   294 | D:1      | Became a worshipper of Hepliaklqana the Forgotten
   294 | D:1      | Reached * piety under Hepliaklqana
  1054 | D:2      | Reached XP level 2. HP: 12/16 MP: 2/2
  1082 | D:2      | Reached XP level 3. HP: 12/19 MP: 3/3
  1293 | D:2      | Reached ** piety under Hepliaklqana
  1294 | D:2      | Remembered your ancestor Nozipho as a battlemage
  1572 | D:2      | Reached XP level 4. HP: 21/25 MP: 4/4
  2096 | D:3      | Found Riahy's Antique Armour Emporium.
  2133 | D:3      | Noticed an orc warrior
  2142 | D:3      | Noticed Natasha
  2148 | D:3      | Killed from afar by Natasha

Illustrated notes

Levels and vault maps discovered:
D:1:      dpeg_arrival_water_fire, layout_basic,
          hellmonk_ecumenical_altar_arch_garden, serial_forest,
          infiniplex_forest_lined_ring, infiniplex_forest_clump_medium,
          infiniplex_forest_clump_large, infiniplex_forest_clump_small,
          infiniplex_forest_clump_small, infiniplex_forest_corner_1,
          infiniplex_forest_fountain, infiniplex_forest_clump_diagonal
D:2:      layout_rooms
D:3:      layout_basic, serial_shops, shop, minmay_quantized, uniq_natasha

Skill      XL: |  1  2  3 |
---------------+----------+-----
Dodging        | 3 |  3.6
Fighting       | 3 |  3.2
Bows           | |  4.6
Stealth        | |  1.3

Action                   |  1- 3 |  4- 6 || total
-------------------------+-------+-------++-------
Melee: Short sword       |    46 |    23 ||    69
 Fire: Shortbow          |     4 |       ||     4
Invok: Ancestor Life: Ba |     1 |       ||     1
       Ancestor Identity |     1 |       ||     1
  Use: Scroll            |     2 |       ||     2
 Stab: Sleeping          |     7 |     2 ||     9
       Distracted        |     1 |       ||     1
Armor: Leather armour    |    13 |     2 ||    15
Dodge: Dodged            |    38 |    19 ||    57
